 Dungeon Crawl Stone Soup version 0.29.0-5-ge4962eb29e (webtiles) character file.

Game seed: 7562936286289493998

2334 Renzlar the Blocker (level 9, 0/74 HPs)
             Began as a Gnoll Fighter on Aug 28, 2022.
             Was an Initiate of Okawaru.
             Slain by a two-headed ogre
             ... wielding a +0 dire flail
              (18 damage)
             ... on level 7 of the Dungeon.
             The game lasted 00:18:08 (7042 turns).

Renzlar the Blocker (Gnoll Fighter)                 Turns: 7042, Time: 00:18:08

Health: 0/74       AC: 10    Str: 20    XL:     9   Next: 42%
Magic:  15/15      EV:  9    Int:  7    God:    Okawaru [......]
Gold:   233        SH:  6    Dex: 12    Spells: 16/16 levels left

rFire   . . .      SeeInvis .   a - +1 war axe (protect)
rCold   . . .      Faith    .   o - +0 buckler
rNeg    . . .      Spirit   .   k - +0 chain mail
rPois   .          Reflect  .   (no helmet)
rElec   .          Harm     +   (no cloak)
rCorr   .          Rampage  .   (no gloves)
Will    +....                   (no boots)
Stlth   +.........              h - amulet "Haumatsi" {RegenMP Harm Slay+3 Stlth+}
HPRegen 0.22/turn               p - ring of willpower
MPRegen 0.54/turn               (no ring)

@: no status effects
A: fangs 1, strong nose, distributed training
a: Renounce Religion


You were on level 7 of the Dungeon.
You worshipped Okawaru.
Okawaru was noncommittal.
You visited 2 branches of the dungeon, and saw 8 of its levels.

You collected 233 gold pieces.

Inventory:

Hand Weapons
 a - a +1 war axe of protection (weapon)
 c - a +0 sling
Missiles
 g - 16 poisoned darts (quivered)
Armour
 b - a +0 scale mail
 k - a +0 chain mail (worn)
 o - a +0 buckler (worn)
Jewellery
 h - the amulet "Haumatsi" (around neck) {RegenMP Harm Slay+3 Stlth+}
   (You found it on level 3 of the Dungeon)

   [amulet of magic regeneration]

   It increases your rate of magic regeneration.
   Slay:      It affects your accuracy & damage with ranged weapons and melee
   (+3).
   Harm:      It increases damage dealt and taken.
   Stlth:     It makes you more stealthy.
 p - a ring of willpower (left hand)
Wands
 d - a wand of mindburst (3)
 n - a wand of flame (12)
 s - a wand of roots (7)
Scrolls
 m - a scroll of blinking
 r - 2 scrolls of teleportation
Potions
 e - a potion of haste
 f - 2 potions of resistance
 i - a potion of heal wounds
 j - 2 potions of flight
 l - 4 potions of curing
 q - a potion of attraction {unknown}
 t - a potion of magic {unknown}
 u - a potion of mutation {unknown}
 v - a potion of might


   Skills:
 + Level 8.0 Fighting
 + Level 4.4 Short Blades
 + Level 4.4 Long Blades
 + Level 6.4 Axes
 + Level 4.4 Maces & Flails
 + Level 4.4 Polearms
 + Level 4.4 Staves
 + Level 4.4 Ranged Weapons
 + Level 4.4 Throwing
 + Level 8.0 Armour
 + Level 4.4 Dodging
 + Level 4.4 Stealth
 + Level 8.0 Shields
 + Level 4.4 Unarmed Combat
 + Level 4.4 Spellcasting
 + Level 3.6 Conjurations
 + Level 3.6 Hexes
 + Level 3.6 Summonings
 + Level 3.6 Necromancy
 + Level 3.6 Translocations
 + Level 3.6 Transmutations
 + Level 3.6 Fire Magic
 + Level 3.6 Ice Magic
 + Level 3.6 Air Magic
 + Level 3.6 Earth Magic
 + Level 3.6 Poison Magic
 + Level 4.8 Invocations
 + Level 4.4 Evocations


You had 16 spell levels left.
You didn't know any spells.
Your spell library contained the following spells:

 Spells                   Type           Power      Damage    Failure   Level
 Sandblast                Erth           12%        2d6       56%         1
 Sting                    Tmut/Pois      24%        1d4       56%         1
 Passwall                 Tmut/Erth      5%         N/A       71%         2
 Poisonous Vapours        Pois/Air       12%        N/A       71%         2
 Portal Projectile        Hex/Tloc       12%        N/A       90%         3
 Stone Arrow              Conj/Erth      12%        3d7       90%         3
 Olgreb's Toxic Radiance  Pois           6%         N/A       100%        4
 Blade Hands              Tmut           3%         N/A       100%        5
 Iron Shot                Conj/Erth      3%         9d2       100%        6
 Tukima's Dance           Hex            Unusable   N/A       N/A         3
 Animate Armour           Summ/Erth      Unusable   N/A       N/A         4

Dungeon Overview and Level Annotations

Branches:
Dungeon (7/15)             Temple (1/1) D:5

Altars:
Ashenzari
Fedhas
Gozag
Kikubaaqudgha
Nemelex Xobeh
Okawaru
Sif Muna
Uskayaw
Vehumet
Wu Jian
Xom
The Shining One

Shops:
D:5 ?


Innate Abilities, Weirdness & Mutations

You have very sharp teeth.
Your uncanny sense of smell can sniff out nearby items.
Your experience applies equally to all skills.


Message History

The howler monkey howls!
You shoot a sling bullet.
The sling bullet hits the howler monkey.
The howler monkey is heavily wounded.
You shoot a sling bullet.
The sling bullet hits the howler monkey!
The howler monkey is almost dead.
The howler monkey hoots and howls with incredible vigour!
You hear two shouts!
You hear an angry growl.
You hear a shout! x9
You shoot a sling bullet.
The sling bullet hits the howler monkey.
You kill the howler monkey!
Okawaru accepts your kill.
A two-headed ogre comes into view.
It is wielding a +0 dire flail and a +0 giant club.
You shoot a sling bullet.
The sling bullet hits the two-headed ogre!
The two-headed ogre is lightly wounded.
You shoot a sling bullet.
The sling bullet hits the two-headed ogre!
The two-headed ogre is moderately wounded.
You shoot a sling bullet.
The sling bullet hits the two-headed ogre.
The two-headed ogre is moderately wounded.
You shoot a sling bullet.
The sling bullet hits the two-headed ogre.
The two-headed ogre is heavily wounded.
You block the two-headed ogre's attack.
The two-headed ogre hits you with a +0 giant club!
Your +1 war axe of protection hums with potential!
a - a +1 war axe of protection (weapon)
You hit the two-headed ogre.
Your weapon exudes an aura of protection.
The two-headed ogre is heavily wounded.
The two-headed ogre hits you with a +0 dire flail!
The two-headed ogre hits you with a +0 giant club!
* * * LOW HITPOINT WARNING * * *
Unknown command.
The two-headed ogre attacks as you move away!
The two-headed ogre hits you with a +0 dire flail!
You die...

... ∆ #.8 ∆ ### ###.##
...## #....## .....
###.#...#######+.....
#....................
#......#.............
#......#.............
####......##..##@.## #
#....###'###..##O.##...#
#....#....#.†............
#....#....#..............
#....#..<.#..............
#....#..####..##..##....#
######### #..##..# ##+##
.......... ............


You could see a two-headed ogre.

Vanquished Creatures
  Sigmund (D:5)
  A steam dragon (D:6)
  Edmund (D:6)
  Duvessa (D:5)
  An orc warrior (D:5)
  An ice beast (D:5)
  2 black bears (D:4)
  2 centaurs
  A kobold brigand (D:4)
  A bullfrog (D:6)
  2 scorpions
  3 wights (D:6)
  Dowan (D:4)
  5 killer bees (D:6)
  3 howler monkeys
  2 hounds
  3 jellies
  A gnoll bouda (D:6)
  3 iguanas
  An orc wizard (D:3)
  6 gnolls
  8 adders
  2 shadow imps
  2 ufetubi
  A worm (D:2)
  3 dart slugs
  6 orcs
  3 endoplasms
  2 giant cockroaches
  11 goblins
  5 hobgoblins
  6 jackals
  4 quokkas
  5 ball pythons
  4 bats (D:2)
  A frilled lizard (D:3)
  11 kobolds
  2 rats
118 creatures vanquished.

Notes
Turn   | Place    | Note
-------+----------+-------------------------------------------
     0 | D:1      | Renzlar the Gnoll Fighter began the quest for the Orb.
     0 | D:1      | Reached XP level 1. HP: 23/23 MP: 1/1
   263 | D:1      | Found a faded altar of an unknown god.
   471 | D:1      | Reached XP level 2. HP: 29/29 MP: 2/2
  1315 | D:2      | Reached XP level 3. HP: 35/35 MP: 3/3
  1575 | D:2      | Reached skill level 1 in Invocations
  1627 | D:2      | Reached skill level 1 in Short Blades
  1627 | D:2      | Reached skill level 1 in Long Blades
  1627 | D:2      | Reached skill level 1 in Maces & Flails
  1627 | D:2      | Reached skill level 1 in Polearms
  1627 | D:2      | Reached skill level 1 in Staves
  1627 | D:2      | Reached skill level 1 in Ranged Weapons
  1627 | D:2      | Reached skill level 1 in Throwing
  1627 | D:2      | Reached skill level 1 in Dodging
  1627 | D:2      | Reached skill level 1 in Stealth
  1627 | D:2      | Reached skill level 1 in Unarmed Combat
  1627 | D:2      | Reached skill level 1 in Spellcasting
  1627 | D:2      | Reached skill level 1 in Evocations
  1995 | D:3      | Reached XP level 4. HP: 35/41 MP: 5/5
  2135 | D:3      | Reached skill level 1 in Conjurations
  2135 | D:3      | Reached skill level 1 in Hexes
  2135 | D:3      | Reached skill level 1 in Summonings
  2135 | D:3      | Reached skill level 1 in Necromancy
  2135 | D:3      | Reached skill level 1 in Translocations
  2135 | D:3      | Reached skill level 1 in Transmutations
  2135 | D:3      | Reached skill level 1 in Fire Magic
  2135 | D:3      | Reached skill level 1 in Ice Magic
  2135 | D:3      | Reached skill level 1 in Air Magic
  2135 | D:3      | Reached skill level 1 in Earth Magic
  2135 | D:3      | Reached skill level 1 in Poison Magic
  2201 | D:3      | Identified the amulet "Haumatsi" {RegenMP Harm Slay+3
                  | Stlth+}
  2236 | D:3      | Reached XP level 5. HP: 28/47 MP: 7/7
  2612 | D:4      | Found a radiant altar of Vehumet.
  3166 | D:4      | Noticed a black bear
  3185 | D:4      | Killed a black bear
  3186 | D:4      | Reached XP level 6. HP: 32/53 MP: 8/8
  3316 | D:4      | Reached skill level 5 in Axes
  3362 | D:5      | Entered Level 5 of the Dungeon
  3374 | D:5      | Noticed a black bear
  3484 | D:4      | Killed a black bear
  3495 | D:4      | Reached XP level 7. HP: 28/60 MP: 10/10
  3667 | D:5      | Noticed Sigmund
  3697 | D:5      | Killed Sigmund
  3704 | D:5      | Found a staircase to the Ecumenical Temple.
  3715 | Temple   | Entered the Ecumenical Temple
  3987 | D:5      | Noticed Duvessa
  3990 | D:5      | Noticed Dowan
  3991 | D:5      | Killed Duvessa
  3992 | D:5      | Reached XP level 8. HP: 67/67 MP: 12/12
  4001 | D:4      | Killed Dowan
  4983 | D:5      | Found a blossoming altar of Fedhas.
  5131 | D:5      | Found a hide-covered altar of Uskayaw.
  5324 | D:5      | Found Mizoz's Magic Scroll Boutique.
  5742 | D:6      | Noticed Edmund
  5755 | D:6      | Killed Edmund
  5874 | D:6      | Reached XP level 9. HP: 58/73 MP: 13/15
  6170 | D:6      | Found a broken altar of Ashenzari.
  6378 | D:6      | Found an iron altar of Okawaru.
  6386 | D:6      | Became a worshipper of Warmaster Okawaru
  7031 | D:7      | Noticed a two-headed ogre
  7042 | D:7      | Slain by a two-headed ogre

Illustrated notes

Levels and vault maps discovered:
D:1:      co_arrival_random_square_maze, layout_loops_ring,
          shapermc_ecumenical_altar_mp_highgroup
D:2:      layout_basic, st_stairs_2
D:3:      layout_rooms
D:4:      layout_rooms, vehumet_altar_wand_db
D:5:      minmay_evil_eye, layout_basic, lemuel_crystal_altar,
          mainiacjoe_overflow_alcove_1, minmay_temple_entry_tees, serial_shops,
          nicolae_diamond_shop, st_stairs_9, uniq_sigmund, uniq_duvessa
D:6:      layout_loops_corners, nicolae_ashenzari_panopticon,
          kennysheep_okawaru_gauntlet, uniq_edmund
D:7:      layout_gridville, nicolae_ru_great_annihilating_truth,
          dk_yredelemnul_ordeal, lemuel_coloured_pillars_altar,
          lemuel_tele_altar, jmf_multi_god_temple, enter_bailey_3
Temple:   nicolae_temple_little_seven

Skill      XL: |  1  2  3  4  5  6  7  8  9 |
---------------+----------------------------+-----
Invocations    | 1 2 3 4 |  4.8
Short Blades   | 1 2 3 4 |  4.4
Long Blades    | 1 2 3 4 |  4.4
Maces & Flails | 1 2 3 4 |  4.4
Polearms       | 1 2 3 4 |  4.4
Staves         | 1 2 3 4 |  4.4
Ranged Weapons | 1 2 3 4 |  4.4
Throwing       | 1 2 3 4 |  4.4
Dodging        | 1 2 3 4 |  4.4
Stealth        | 1 2 3 4 |  4.4
Unarmed Combat | 1 2 3 4 |  4.4
Spellcasting   | 1 2 3 4 |  4.4
Evocations     | 1 2 3 4 |  4.4
Conjurations   | 1 2 3 |  3.6
Hexes          | 1 2 3 |  3.6
Summonings     | 1 2 3 |  3.6
Necromancy     | 1 2 3 |  3.6
Translocations | 1 2 3 |  3.6
Transmutations | 1 2 3 |  3.6
Fire Magic     | 1 2 3 |  3.6
Ice Magic      | 1 2 3 |  3.6
Air Magic      | 1 2 3 |  3.6
Earth Magic    | 1 2 3 |  3.6
Poison Magic   | 1 2 3 |  3.6
Axes           | 5 6 |  6.4
Fighting       | 7 8 |  8.0
Armour         | 7 8 |  8.0
Shields        | 7 8 |  8.0

Action                   |  1- 3 |  4- 6 |  7- 9 || total
-------------------------+-------+-------+-------++-------
Melee: War axe           |    95 |    80 |   138 ||   313
       Bite              |    10 |     9 |    22 ||    41
 Fire: Sling             |       |     9 |    52 ||    61
Evoke: Wand              |       |       |    13 ||    13
  Use: Scroll            |     7 |     5 |     4 ||    16
       Potion            |       |       |     4 ||     4
Armor: Scale mail        |    33 |     3 |       ||    36
       Chain mail        |       |    71 |    86 ||   157
Dodge: Dodged            |    44 |    33 |    64 ||   141
Block: Buckler           |    19 |    31 |    40 ||    90
